 Dungeon Crawl Stone Soup version 0.29-a0-330-g52719c12eb (webtiles) character file.

Game seed: 9748064965395956168

2349 Crownlay the Thaumaturge (level 9, 0/51 HPs)
             Began as an Octopode Earth Elementalist on May 8, 2022.
             Was an Initiate of Gozag.
             Slain by a shadow (29 damage)
             ... on level 6 of the Dungeon.
             The game lasted 00:15:33 (7524 turns).

Crownlay the Thaumaturge (OpEE)                     Turns: 7524, Time: 00:15:34

Health: 0/51       AC:  1    Str:  7    XL:     9   Next: 43%
Magic:  0/21       EV: 14    Int: 21    God:    Gozag
Gold:   142        SH:  0    Dex: 13    Spells: 20/24 levels left

rFire   . . .      SeeInvis .   r - +2 dagger (venom)
rCold   . . .      Faith    .   (no shield)
rNeg    . . .      Spirit   .   (helmet restricted)
rPois   .          Reflect  .   (no amulet)
rElec   .          Harm     .   (no ring)
rCorr   .          Rampage  .   (no ring)
Will    .....                   (no ring)
Stlth   +++.......              (no ring)
HPRegen 0.17/turn               (no ring)
MPRegen 0.17/turn               (no ring)
                                (no ring)
                                (no ring)

@: no status effects
A: almost no armour, amphibious, 8 rings, camouflage 1, gelatinous body 1,
(nimble swimmer 1), tentacles
a: Renounce Religion, Potion Petition, Call Merchant, Bribe Branch


You were on level 6 of the Dungeon.
You worshipped Gozag.
Gozag was aware of your devotion.
You visited 1 branch of the dungeon, and saw 6 of its levels.

You collected 678 gold pieces.
You spent 480 gold pieces at shops.
You paid 56 gold pieces to Gozag.

Inventory:

Hand Weapons
 r - a +2 dagger of venom (weapon)
Missiles
 a - 133 stones
Jewellery
 n - a ring of fire
Wands
 o - a wand of flame (10)
 q - a wand of polymorph (13)
Scrolls
 b - a scroll of summoning {unknown}
 e - a scroll of blinking
 f - a scroll of teleportation
 p - a scroll of fog
Potions
 c - a potion of heal wounds
 d - a potion of mutation {unknown}
 g - a potion of flight
 h - 2 potions of curing
 i - 3 potions of brilliance {unknown}
 j - 2 potions of ambrosia {unknown}
 k - a potion of resistance
 l - 3 potions of might
 m - 3 potions of invisibility
 s - a potion of berserk rage {unknown}
 t - 4 potions of cancellation


   Skills:
 + Level 4.0 Dodging
 - Level 2.6 Stealth
 * Level 8.2 Spellcasting
 - Level 5.0 Conjurations
 - Level 1.0 Transmutations
 + Level 6.8 Earth Magic


You had 20 spell levels left.
You knew the following spells:

 Your Spells              Type           Power      Damage    Failure   Level
a - Sandblast             Erth           74%        2d16      1%          1
b - Stone Arrow           Conj/Erth      66%        3d11      1%          3

Your spell library contained the following spells:

 Spells                   Type           Power      Damage    Failure   Level
 Passwall                 Tmut/Erth      20%        N/A       2%          2
 Animate Skeleton         Necr           16%        N/A       8%          1
 Apportation              Tloc           16%        N/A       8%          1
 Freeze                   Ice            32%        1d5       8%          1
 Summon Small Mammal      Summ           32%        N/A       8%          1
 Petrify                  Tmut/Erth      25%        N/A       16%         4


Dungeon Overview and Level Annotations

Branches:
Dungeon (6/15)
 Temple: D:4-7

Altars:
Dithmenos
Gozag
Sif Muna

Shops:
D:2 !


Innate Abilities, Weirdness & Mutations

You cannot wear most types of armour.
You are amphibious.
You can wear up to eight rings at the same time.
Your skin changes colour to match your surroundings (Stealth+).
Your rubbery body absorbs attacks. (AC +1, EV +1)
((You are camouflaged when in or above water. (Stealth+)))
You have tentacles for arms and can constrict up to eight enemies at once.


Message History

Aim: a shadow (heavily damaged, 82% to hit)
The blast of sand misses the shadow.
The shadow slips into darkness.
The shadow flickers and vanishes!
Deactivating autopickup; reactivate with Ctrl-A.
You barely miss something.
The shadow strikes at you from the darkness!
* * * LOW HITPOINT WARNING * * *
Reactivating autopickup.
You feel much better. The shadow hits you! The shadow attacks as you move away!
The shadow closely misses you.
Casting: Sandblast (safe; 1% risk of failure)
Confirm with . or Enter, or press ? or * to list all spells.
Aiming: Sandblast (safe; 1% risk of failure)
Press: ? - help, Shift-Dir - straight line, f/p - shadow
Aim: a shadow (heavily damaged, 82% to hit)
The blast of sand hits the shadow but does no damage.
The shadow is heavily damaged.
The shadow closely misses you.
The shadow slips into darkness.
The shadow flickers and vanishes!
Deactivating autopickup; reactivate with Ctrl-A.
The shadow strikes at you from the darkness!
* * * LOW HITPOINT WARNING * * *
Reactivating autopickup.
Casting: Sandblast (safe; 1% risk of failure)
Confirm with . or Enter, or press ? or * to list all spells.
Aiming: Sandblast (safe; 1% risk of failure)
Press: ? - help, Shift-Dir - straight line, f/p - shadow
Aim: a shadow (heavily damaged, 82% to hit)
The blast of sand hits the shadow.
The shadow is severely damaged.
The shadow slips into darkness.
The shadow flickers and vanishes!
Deactivating autopickup; reactivate with Ctrl-A.
You feel much better.
The shadow strikes at you from the darkness!
Ouch! That really hurt!
You die...
Your body crumbles into a pile of gold.

#.......'.. #.......#
#$#.....# ...#.....#
#.##.#...[.# #
$###.....# #.....# '#
#########.....##.####
.......@{.###........
#############.##.####
#.......##....##
+.......###....####
####
#.......'.'........
...
+.......###....####
#..##.......###....#
#..#...............#
#...........###....#


There were no monsters in sight!

Vanquished Creatures
  An ugly thing (D:6)
  Sigmund (D:2)
  3 yaks (D:4)
  Duvessa (D:4)
  2 black bears (D:5)
  2 ogres (D:5)
  2 phantoms
  2 scorpions (D:5)
  Dowan (D:4)
  3 orc priests
  2 hounds
  A jelly (D:5)
  4 iguanas
  5 orc wizards
  4 gnolls (D:4)
  8 adders
  A shadow imp (D:6)
  An ufetubus (D:5)
  3 worms
  2 dart slugs
  17 orcs
  5 bats
  3 endoplasms
  7 giant cockroaches
  3 goblins (D:1)
  7 hobgoblins
  3 jackals (D:3)
  6 kobolds
  2 quokkas
  3 ball pythons
  A frilled lizard (D:1)
  A rat (D:2)
107 creatures vanquished.

Notes
Turn   | Place    | Note
-------+----------+-------------------------------------------
     0 | D:1      | Crownlay the Octopode Earth Elementalist began the quest
                  | for the Orb.
     0 | D:1      | Reached XP level 1. HP: 11/11 MP: 3/3
    78 | D:1      | Reached XP level 2. HP: 11/17 MP: 1/5
   738 | D:1      | Found a faded altar of an unknown god.
  1149 | D:2      | Reached skill level 3 in Spellcasting
  1149 | D:2      | Reached XP level 3. HP: 19/21 MP: 3/7
  1202 | D:2      | Found Fuwipicw's Distillery.
  1225 | D:2      | Learned a level 3 spell: Stone Arrow
  1274 | D:2      | Bought a potion of attraction for 30 gold pieces
  1274 | D:2      | Bought a potion of degeneration for 10 gold pieces
  1392 | D:2      | Noticed Sigmund
  1915 | D:3      | You fall into a shaft and drop 2 floors!
  1915 | D:5      | Entered Level 5 of the Dungeon
  2097 | D:3      | Reached XP level 4. HP: 27/27 MP: 5/9
  2455 | D:3      | Found an opulent altar of Gozag.
  2517 | D:3      | Found a shadowy altar of Dithmenos.
  2712 | D:3      | Became a worshipper of Gozag Ym Sagoz the Greedy
  2953 | D:4      | Reached skill level 1 in Conjurations
  2961 | D:4      | Reached XP level 5. HP: 27/31 MP: 6/10
  3020 | D:4      | Reached skill level 4 in Spellcasting
  3197 | D:4      | Noticed Dowan
  3601 | D:4      | Noticed a yak
  3612 | D:4      | Noticed a yak
  3614 | D:4      | Noticed a yak
  3615 | D:4      | Killed a yak
  3616 | D:4      | Reached XP level 6. HP: 23/36 MP: 3/13
  3670 | D:4      | Reached skill level 5 in Spellcasting
  3776 | D:4      | Noticed Duvessa
  3784 | D:4      | Killed Duvessa
  3785 | D:4      | Reached XP level 7. HP: 30/41 MP: 0/15
  3788 | D:4      | Killed Dowan
  4165 | D:4      | Reached skill level 5 in Earth Magic
  4477 | D:2      | Bought a potion of might for 40 gold pieces
  4477 | D:2      | Bought a potion of invisibility for 80 gold pieces
  4477 | D:2      | Bought a potion of flight for 30 gold pieces
  4477 | D:2      | Bought a potion of curing for 30 gold pieces
  4477 | D:2      | Bought a potion of heal wounds for 50 gold pieces
  4573 | D:2      | Killed Sigmund
  4574 | D:2      | Reached skill level 6 in Spellcasting
  5075 | D:4      | Killed a yak
  5076 | D:4      | Reached XP level 8. HP: 40/46 MP: 5/17
  5176 | D:4      | Killed a yak
  5405 | D:4      | Found a shimmering blue altar of Sif Muna.
  5537 | D:4      | Got Sif Muna's Grimoire of Cold
  5823 | D:5      | Identified the +0 scale mail of Dithmenos's Grace {*Slow
                  | rElec rPois}
  5835 | D:5      | Reached skill level 7 in Spellcasting
  6480 | D:5      | Reached XP level 9. HP: 51/51 MP: 10/20
  6990 | D:5      | Reached skill level 5 in Conjurations
  7211 | D:2      | Bought 2 potions of cancellation for 160 gold pieces
  7211 | D:2      | Bought a potion of heal wounds for 50 gold pieces
  7495 | D:6      | Noticed a red ugly thing
  7503 | D:6      | Killed a red ugly thing
  7504 | D:6      | Reached skill level 8 in Spellcasting
  7524 | D:6      | Slain by a shadow

Illustrated notes

Levels and vault maps discovered:
D:1:      dreamdust_arrival_beginning_and_end, layout_basic,
          ebering_ecumenical_altar_abandoned
D:2:      minmay_evil_eye, layout_basic, serial_shops, shop_statue, uniq_sigmund
D:3:      layout_loops_ring, lemuel_round_altar, grunt_gozag_statues
D:4:      layout_basic, led_sif_book, uniq_duvessa
D:5:      layout_loops_cross
D:6:      minmay_cornered_nines, layout_basic, kennysheep_generic_room_7

Skill      XL: |  1  2  3  4  5  6  7  8  9 |
---------------+----------------------------+-----
Spellcasting   | 3 4 5 6 7 8 |  8.2
Conjurations   | 1 2 3 4 5 |  5.0
Earth Magic    | 4 5 6 |  6.8
Dodging        | 3 4 |  4.0
Stealth        | |  2.6
Transmutations | |  1.0

Action                   |  1- 3 |  4- 6 |  7- 9 || total
-------------------------+-------+-------+-------++-------
Melee: Unarmed           |     3 |       |       ||     3
       Constrict         |    10 |     2 |     1 ||    13
       Dagger            |    20 |       |     5 ||    25
       Tentacles         |     8 |       |       ||     8
       Short sword       |    12 |    11 |       ||    23
 Cast: Sandblast         |    21 |    53 |    69 ||   143
       Stone Arrow       |       |     5 |    48 ||    53
  Use: Scroll            |       |     3 |     3 ||     6
       Potion            |       |       |     4 ||     4
 Stab: Sleeping          |     2 |     1 |       ||     3
Armor: Skin              |       |       |     2 ||     2
Dodge: Dodged            |    24 |    26 |    25 ||    75

Table legend: (Time is in decaauts)
 A = Elapsed time spent in this place.
 B = Non-inter-level travel time spent in this place.
 C = Inter-level travel time spent in this place.
 D = Time resting spent in this place.
 E = Time spent auto-exploring this place.
 F = Levels seen in this place.
 G = Mean time per level.
                   A        B        C        D        E       F      G
               +--------+--------+--------+--------+--------+-----+--------+
         Total |   7536 |   6947 |    589 |    193 |   5471 |   6 | 1256.0 |
       Dungeon |   7536 |   6947 |    589 |    193 |   5471 |   6 | 1256.0 |
               +--------+--------+--------+--------+--------+-----+--------+

Top non-repeatable levels by time:
     D:4: 2073 daAuts
     D:5: 1423 daAuts
     D:3: 1343 daAuts
     D:2: 1333 daAuts
     D:1: 1111 daAuts
     D:6: 250 daAuts
